 Dungeon Crawl Stone Soup version 0.32-a0-473-gd044c6f0f0 (webtiles) character file.

Game seed: 3236078166634472123

144 Sobieck the Magician (level 5, -6/45 HPs)
             Began as an Oni Fire Elementalist on Feb 25, 2024.
             Killed by nerve-wracking pain
             ... invoked by an orc priest
              (8 damage)
             ... on level 3 of the Dungeon.
             The game lasted 00:04:38 (3205 turns).

Sobieck the Magician (Oni Fire Elementalist)        Turns: 3205, Time: 00:04:38

Health: -6/45      AC:  3    Str: 12    XL:     5   Next: 27%
Magic:  0/11       EV:  9    Int: 18    God:
Gold:   143        SH:  0    Dex:  9    Spells: 9/12 levels left

rFire   . . .        l - +0 quarterstaff
rCold   . . .        (shield currently unavailable)
rNeg    . . .        a - +0 robe
rPois   .            (helmet restricted)
rElec   .            (no cloak)
rCorr   .            (gloves unavailable)
SInv    .            (boots unavailable)
Will    .....        (no amulet)
Stlth   +            n - ring of flight
HPRegen 0.27/turn    (no ring)
MPRegen 0.12/turn

%: no passive effects
@: flying, very slightly contaminated
A: large, unfitting armour, horns 1, tough skin 1, double potion healing,
drunken brawling
a: Convert to Beogh


You were on level 3 of the Dungeon.
You visited 1 branch of the dungeon, and saw 3 of its levels.

You collected 143 gold pieces.

Inventory:

Hand Weapons
 c - a +0 short sword
 l - a +0 quarterstaff (weapon)
Missiles
 G - 2 datura-tipped darts
Armour
 a - a +0 robe (worn)
Jewellery
 n - a ring of flight (left hand)
Scrolls
 d - a scroll of brand weapon {unknown}
 i - a scroll of poison {unknown}
 j - 2 scrolls of teleportation {unknown}
 k - a scroll of silence {unknown}
 m - 2 scrolls of amnesia {unknown}
 q - a scroll of enchant armour {unknown}
 R - 2 scrolls of identify
Potions
 b - a potion of magic
 e - a potion of might {unknown}
 f - 2 potions of attraction {unknown}
 o - a potion of resistance {unknown}
 p - 2 potions of mutation {unknown}
 Q - 2 potions of curing


   Skills:
 - Level 1.7 Dodging
 - Level 1.4 Stealth
 + Level 4.0 Spellcasting
 + Level 2.5 Conjurations
 + Level 3.7 Fire Magic


You had 9 spell levels left.
You knew the following spells:

 Your Spells              Type           Power      Damage    Failure   Level
a - Foxfire               Conj/Fire      56%        2x1d6     4%          1
b - Scorch                Fire           32%        2d6       4%          2

Your spell library contained the following spells:

 Spells                   Type           Power      Damage    Failure   Level
 Summon Small Mammal      Summ           12%        N/A       14%         1
 Inner Flame              Hex/Fire       10%        N/A       21%         3
 Volatile Blastmotes      Fire/Tloc      20%        2d11      21%         3
 Flame Wave               Conj/Fire      14%        2d6       38%         4
 Call Canine Familiar     Summ           3%         N/A       41%         3
 Sigil of Binding         Hex            3%         N/A       41%         3
 Summon Blazeheart Golem  Fire/Summ      10%        N/A       56%         4
 Dimensional Bullseye     Hex/Tloc       1%         N/A       82%         4


Dungeon Overview and Level Annotations

Branches:
Dungeon (3/15)

Altars:

Annotations:
D:3 3 runed translucent doors, Biggs's ghost, amateur DjCj


Innate Abilities, Weirdness & Mutations

You are too large for most types of armour.
You have a pair of small horns on your head.
You have tough skin. (AC +1)
You gain doubled healing and magic from potions.
Whenever you drink a healing potion, you attack all around you.


Message History

You are too injured to fight recklessly!
Unknown command.
You are too injured to fight recklessly!
Unknown command.
You are too injured to fight recklessly!
Unknown command.
Casting: Foxfire (safe; 4% risk of failure)
Confirm with . or Enter, or press ? or * to list all spells.
You conjure some foxfire!
The orc priest shouts, "The Pantheon deserves no one's loyalty.
Let us show you the true path!"
The foxfire hits the orc.
The orc is heavily wounded.
The foxfire hits the orc priest.
The orc priest is almost dead.
The orc priest hits you with a +0 club.
* * * LOW HITPOINT WARNING * * *
The orc hits you with a +0 falchion.
* * * LOW HITPOINT WARNING * * *
The foxfire hits the orc priest.
The orc priest is lightly wounded.
The orc priest shouts, "The Pantheon deserves no one's loyalty.
Let us show you the true path!"
You closely miss the orc priest.
The orc priest is almost dead.
The foxfire hits the orc.
The orc is heavily wounded.
The orc priest hits you with a +0 club.
* * * LOW HITPOINT WARNING * * *
The orc hits you with a +0 falchion.
* * * LOW HITPOINT WARNING * * *
Casting: Foxfire (safe; 4% risk of failure)
Confirm with . or Enter, or press ? or * to list all spells.
You conjure some foxfire!
The orc priest hits you with a +0 short sword.
* * * LOW HITPOINT WARNING * * *
The orc hits you with a +0 falchion.
* * * LOW HITPOINT WARNING * * *
The orc priest calls upon Beogh to heal the orc priest.
The orc priest's wounds heal themselves!
The orc priest shouts, "Surrender to Beogh and we'll let you live!"
Unknown command.
As you read the scroll labelled WAZAMI QAHUTZ, it crumbles to dust.
It is a scroll of identify.
g - 2 potions of curing;
Q - 2 potions of curing;
R - 2 scrolls of identify The foxfire hits the orc.
You kill the orc!
The foxfire hits the orc priest.
You kill the orc priest!
The orc priest invokes the aid of Beogh against you.
Pain shoots through your body!
You die...

#................#
..................#
.#................#
#.................
#............†.....
.=##...............
##..............
.#####.)#.........
......o@.....)....
####...)#.##......
#...###..#......
..(... ......=...
..... .........#.
<#### ##.......#
#....##.? ...(##


You could see an orc priest.

Vanquished Creatures
  An orc priest (D:3)
  Natasha (twice) (D:2)
  A gnoll (D:2)
  2 adders (D:2)
  3 ribbon worms (D:2)
  An orc (D:3)
  5 ball pythons
  3 bats
  5 endoplasms
  5 giant cockroaches
  3 goblins
  6 hobgoblins
  5 jackals
  6 kobolds
  3 quokkas
  4 frilled lizards
  3 rats
58 creatures vanquished.

Vanquished Creatures (others)
  217 foxfires
217 creatures vanquished.

Grand Total: 275 creatures vanquished

Notes
Turn   | Place    | Note
-------+----------+-------------------------------------------
     0 | D:1      | Sobieck the Oni Fire Elementalist began the quest for the
                  | Orb.
     0 | D:1      | Reached XP level 1. HP: 16/16 MP: 3/3
    42 | D:1      | Reached skill level 1 in Conjurations
   279 | D:1      | Reached XP level 2. HP: 24/24 MP: 2/5
   611 | D:1      | Learned a level 2 spell: Scorch
   721 | D:1      | Reached skill level 3 in Fire Magic
   881 | D:1      | Reached skill level 3 in Spellcasting
  1150 | D:1      | Reached XP level 3. HP: 31/31 MP: 2/7
  1945 | D:2      | Reached XP level 4. HP: 39/39 MP: 3/9
  1998 | D:2      | Noticed Natasha
  2002 | D:2      | Killed Natasha
  2131 | D:2      | Noticed Natasha
  2956 | D:2      | Killed Natasha
  2957 | D:2      | Reached XP level 5. HP: 43/45 MP: 10/10
  3042 | D:3      | Reached skill level 4 in Spellcasting
  3121 | D:3      | Found a runed translucent gate.
  3122 | D:3      | Found a runed translucent gate.
  3122 | D:3      | Noticed Biggs's ghost (amateur DjCj)
  3126 | D:3      | Noticed a kobold brigand
  3166 | D:3      | Found a runed translucent gate.
  3204 | D:3      | HP: 2/45 [orc/+0 falchion (2)]
  3205 | D:3      | Killed from afar by an orc priest

Illustrated notes

Levels and vault maps discovered:
D:1:      matt_arrival_grand_opening, layout_basic
D:2:      minmay_evil_eye, layout_basic, minmay_split_cup_large, uniq_natasha
D:3:      layout_rooms, marbit_many_paths, gammafunk_ghost_nasty_kobolds

Skill      XL: |  1  2  3  4  5 |
---------------+----------------+-----
Conjurations   | 1 2 |  2.5
Fire Magic     | 3 |  3.7
Spellcasting   | 3 4 |  4.0
Dodging        | |  1.7
Stealth        | |  1.4

Action                     |  1- 3 |  4- 6 || total
---------------------------+-------+-------++-------
  Melee: Unarmed           |     3 |     6 ||     9
         Headbutt          |     2 |     2 ||     4
         Short sword       |    13 |       ||    13
         Quarterstaff      |       |    15 ||    15
   Cast: Foxfire           |    86 |    51 ||   137
         Scorch            |     1 |     1 ||     2
    Use: Scroll            |       |     1 ||     1
 Armour: Robe              |    14 |    12 ||    26
         Skin              |       |    11 ||    11
  Dodge: Dodged            |    11 |    25 ||    36

Table legend: (Time is in decaauts)
 A = Elapsed time spent in this place.
 B = Non-inter-level travel time spent in this place.
 C = Inter-level travel time spent in this place.
 D = Time resting spent in this place.
 E = Time spent auto-exploring this place.
 F = Levels seen in this place.
 G = Mean time per level.
                   A        B        C        D        E       F      G
               +--------+--------+--------+--------+--------+-----+--------+
         Total |   3226 |   3133 |     93 |    233 |   2513 |   3 | 1075.3 |
       Dungeon |   3226 |   3133 |     93 |    233 |   2513 |   3 | 1075.3 |
               +--------+--------+--------+--------+--------+-----+--------+

Top non-repeatable levels by time:
     D:2: 1570 daAuts
     D:1: 1437 daAuts
     D:3: 219 daAuts
